AoeStats
← frodriguezanyul

Arabia

504422772Analyzed
3v3 RM · 26d ago on Sep 5, 2026· 63m 55s· 6 players
Game mode
Random Map
Map size
Normal (6 player)
Population
200
Speed
Normal
Resources
Standard
Victory
Conquest
Starting age
Dark Age
Ending age
Imperial Age
RankedLock teamsTeams togetherTeam positionsShared explorationLock speedFull tech treeHidden civsTurbo modeCheats
Victory
Defeat
🇻🇳 Berbers · Vietnam
1028
+11
🇻🇳 Mongols · Vietnam
970
+14
🇻🇳 Poles · Vietnam
808
+20
🇺🇾 Britons · Uruguay
984
-18
🇺🇾 Poles · Uruguay
948
-16
🇺🇾 Huns · Uruguay
810
-11
Filho da Polka
9:54 Feudal Age
10:49 Double-Bit Axe
12:34 Loom
20:51 Castle Age
18:57 Fletching
19:53 Stone Mining
21:07 Gold Mining
20:56 Crossbowman
21:34 Bodkin Arrow
22:12 Bow Saw
23:15 Padded Archer Armor
25:19 Horse Collar
26:18 Wheelbarrow
25:28 Town Watch
28:38 Wheelbarrow
29:00 Ballistics
32:15 Leather Archer Armor
36:42 Imperial Age
36:51 Arbalester
37:34 Bracer
38:04 Ring Archer Armor
38:38 Chemistry
39:08 Town Patrol
43:46 Hand Cart
62:48 Forging
62:43 Scale Barding Armor
R E P T I L E
4:54 Loom
10:31 Feudal Age
11:08 Double-Bit Axe
17:49 Horse Collar
18:24 Bloodlines
18:51 Forging
19:15 Scale Barding Armor
25:26 Castle Age
26:27 Heavy Plow
26:32 Squires
26:55 Gold Mining
26:58 Stone Mining
26:37 Pikeman
27:30 Husbandry
27:35 Fletching
28:40 Iron Casting
27:31 Light Cavalry
30:08 Wheelbarrow
31:49 Bow Saw
32:10 Chain Barding Armor
38:28 Imperial Age
39:54 Conscription
39:03 Winged Hussar
40:40 Gold Mining
43:00 Lechitic Legacy
43:44 Town Watch
44:15 Hand Cart
46:13 Blast Furnace
52:31 Caravan
57:03 Ballistics
frodriguezanyul
6:53 Loom
16:06 Feudal Age
18:18 Wheelbarrow
19:04 Town Watch
19:08 Double-Bit Axe
longkaka
4:02 Loom
11:50 Feudal Age
13:11 Double-Bit Axe
18:16 Bloodlines
25:02 Castle Age
25:23 Light Cavalry
26:06 Husbandry
28:38 Scale Barding Armor
29:54 Bow Saw
31:37 Chain Barding Armor
31:17 Padded Archer Armor
31:51 Horse Collar
32:48 Wheelbarrow
34:32 Hand Cart
38:25 Imperial Age
36:25 Leather Archer Armor
37:09 Heavy Plow
38:33 Cavalier
40:21 Crop Rotation
41:16 Conscription
41:06 Winged Hussar
48:21 Chemistry
47:33 Masonry
49:22 Town Watch
49:33 Gold Mining
55:40 Szlachta Privileges
56:05 Lechitic Legacy
55:23 Elite Skirmisher
57:39 Fletching
58:28 Forging
58:19 Scale Mail Armor
59:42 Town Patrol
60:20 Iron Casting
59:41 Bodkin Arrow
59:20 Elite Obuch
61:50 Caravan
62:21 Coinage
62:15 Bombard Tower
62:15 Ballistics
61:36 Treadmill Crane
63:36 Stone Mining
63:58 Szlachta Privileges
64:31 Hoardings
63:21 Spies/Treason
63:35 Spies/Treason
Rong Sa Mac
3:07 Loom
11:20 Feudal Age
12:06 Double-Bit Axe
12:11 Horse Collar
20:30 Castle Age
19:05 Forging
19:43 Gold Mining
20:37 Scale Barding Armor
21:55 Bow Saw
26:48 Wheelbarrow
28:18 Gold Shaft Mining
32:09 Chain Barding Armor
34:26 Hand Cart
37:46 Imperial Age
35:08 Fletching
35:19 Padded Archer Armor
36:15 Stone Mining
36:32 Heavy Plow
38:57 Leather Archer Armor
38:38 Bodkin Arrow
39:49 Chemistry
38:48 Onager
42:03 Siege Engineers
43:39 Bloodlines
45:17 Ring Archer Armor
44:30 Light Cavalry
50:42 Town Watch
53:55 Bracer
58:32 Ballistics
59:45 Spies/Treason
Quân hành
2:06 Loom
13:04 Feudal Age
17:51 Castle Age
16:45 Double-Bit Axe
31:20 Bow Saw
30:54 Horse Collar
31:43 Heavy Plow
32:25 Wheelbarrow
34:25 Hand Cart
37:30 Imperial Age
35:41 Gold Mining
35:43 Stone Mining
37:14 Bloodlines
37:05 Husbandry
37:11 Light Cavalry
39:38 Conscription
40:27 Hussar
42:03 Nomads
42:28 Drill
44:59 Scale Barding Armor
46:39 Elite Mangudai
47:51 Forging
48:59 Chain Barding Armor
48:03 Onager
49:54 Iron Casting
49:55 Siege Onager
52:48 Blast Furnace
52:50 Fletching
54:11 Chemistry
53:33 Ballistics
61:21 Capped Ram
62:58 Spies/Treason
Connection lost

Rejoining the realm…

Still unreachable

The connection could not be restored.

Session expired

The server has moved on; the page needs a fresh start.